 Dungeon Crawl Stone Soup version 0.13-a0-2485-g242ae62 (webtiles) character file.

124 Rycklaryybbe the Poker (level 2, 0/17 HPs)
             Began as a Tengu Chaos Knight on July 21, 2013.
             Was a Plaything of Xom.
             Slain by a hobgoblin
             ... wielding a -1,+0 orcish club
              (5 damage)
             ... on Level 2 of the Dungeon.
             The game lasted 00:02:12 (1236 turns).

Rycklaryybbe the Poker (Tengu Chaos Knight)         Turns: 1236, Time: 00:02:12

HP   0/17        AC  5     Str 12      XL: 2   Next: 95%
MP   3/3         EV 10     Int 12      God: Xom
Gold 101         SH  0     Dex 13      Spells:  0 memorised,  1 level left

Res.Fire  : . . .   See Invis. : .   a - +0 spear (chaos) {=f}
Res.Cold  : . . .   Warding    : .   b - +2 leather armour
Life Prot.: . . .   Conserve   : .   (no shield)
Res.Poison: .       Res.Corr.  : .   (helmet restricted)
Res.Elec. : .       Clarity    : .   (no cloak)
Sust.Abil.: . .     Spirit.Shd : .   (no gloves)
Res.Mut.  : .       Stasis     : .   (boots unavailable)
Res.Rott. : .       Flight     : .   (no amulet)
Saprovore : . . .                    (no ring)
                                     (no ring)

@: not resistant to hostile enchantments, very unstealthy
A: beak, talons 3
a: Renounce Religion


You were on level 2 of the Dungeon.
You worshipped Xom.
You were a plaything of Xom.
You were hungry.

You visited 1 branch of the dungeon, and saw 2 of its levels.

You collected 81 gold pieces.

Inventory:

Hand weapons
 a - a +0,+0 spear of chaos (weapon) {=f}
 h - a +1,+1 hand axe (quivered)
Armour
 b - a +2 leather armour (worn)
Comestibles
 c - a bread ration
Scrolls
 d - a scroll of identify {unknown}
 e - a scroll of curse armour {unknown}
 g - 4 scrolls of teleportation {unknown}
 i - a scroll of enchant weapon I {unknown}
 k - a scroll of remove curse {unknown}
 l - a scroll of fog {unknown}
 m - a scroll of enchant armour {unknown}
 n - 2 scrolls of magic mapping {unknown}
Potions
 f - a potion of curing {unknown}
 j - a potion of cure mutation {unknown}


   Skills:
 - Level 3.0 Fighting
 + Level 4.4 Polearms
 - Level 2.1 Armour
 - Level 1.1 Dodging


You had one spell level left.
You didn't know any spells.

Dungeon Overview and Level Annotations

Branches:
Dungeon (2/27)

Altars:
Kikubaaqudgha
Trog
Xom


Innate Abilities, Weirdness & Mutations

You have a beak for a mouth.
You have claws for feet.


Message History

The kobold is severely wounded.
The kobold misses you.
You miss the kobold.
The kobold is severely wounded.
The kobold closely misses you.
You closely miss the kobold.
The kobold is severely wounded.
The kobold hits you with a club.
You barely miss the kobold. You claw the kobold.
You kill the kobold!
The hobgoblin hits you with an orcish club.
* * * LOW HITPOINT WARNING * * *
You are too injured to fight recklessly!
You are too injured to fight recklessly!
You are too injured to fight recklessly!
You are too injured to fight recklessly!
You barely miss the hobgoblin. Your kick misses the hobgoblin.
The hobgoblin hits you with an orcish club.
You die... "I guess I need a new plaything now."

.... ......##.##..##....#. #.....
###.##...##.##....#. #####....
##.....##........ ....#....
##.......###....## ........
#...._....##.##.# .....#
#####§......###.##.# .## #...#
#...##.....## #.##.##
....###).####....##...#####.##...
...............g@.##.##.....[....
........................#...##...
..._............##......#...##...
..........##)#####...............
.....⌠....##....##..###......#.##
.........##....##..###......#.#
#....._.###....##..#.......>#.#
.......##....###..#...###§##.##
.................#..[# #.##...


You could see a hobgoblin.

Vanquished Creatures
  A giant gecko (D:1)
  2 giant cockroaches (D:1)
  A hobgoblin (D:2)
  3 bats (D:1)
  A giant newt (D:1)
  4 goblins
  A jackal zombie (D:2)
  5 kobolds
  5 rats
23 creatures vanquished.

Notes
Turn   | Place    | Note
--------------------------------------------------------------
     0 | D:1      | Rycklaryybbe, the Tengu Chaos Knight, began the quest for the Orb.
     0 | D:1      | Reached XP level 1. HP: 12/12 MP: 1/1
    23 | D:1      | XOM: harmless Hex miscast
    26 | D:1      | XOM: harmless Chrm miscast
   384 | D:1      | XOM: silly message
   464 | D:1      | Reached XP level 2. HP: 17/17 MP: 3/3
   597 | D:1      | Reached skill level 4 in Polearms
   996 | D:1      | XOM: colour smoke trail
  1046 | D:2      | Found a bloodstained altar of Trog.
  1205 | D:2      | Found an ancient bone altar of Kikubaaqudgha.
  1214 | D:2      | Found a shimmering altar of Xom.
  1236 | D:2      | Slain by a hobgoblin

Action                   || total
-------------------------++-------
Melee: Spear             ||    58
 Stab: Sleeping          ||     2
